3AAA
NOLENSVILLE KNIGHTS @ ATHLETIC CLUB KC RESERVES
07/19/2042
 
TOP OF THE 1ST
Nolensville Knights batting - Pitching for Athletic Club KC Reserves : RHP Kyuso Ageda
Pitching: RHP Kyuso Ageda
Batting: LHB Brian Harmon 0-0: Swinging Strike
0-1: Ball
1-1: Ball
2-1: Foul Ball, location: 2F
2-2: Ball
3-2: Base on Balls
Batting: LHB Jorge Mateu 0-0: Ball
1-0: Grounds out, U3 (Groundball, 3L, EV 103.8 MPH)
Batting: LHB Russell Hamilton 0-0: Fly out, F8 (Flyball, 8RD, EV 103.8 MPH)
Batting: RHB Omar Luoa 0-0: Ball
1-0: Foul Ball, location: 2F
1-1: Called Strike
1-2: Fly out, F7 (Flyball, 78M, EV 91.2 MPH)
Top of the 1st over - 0 runs, 0 hits, 0 errors, 1 left on base; Nolensville 0 - Athletic Club KC 0
BOTTOM OF THE 1ST
Athletic Club KC Reserves batting - Pitching for Nolensville Knights : RHP Ed Lake
Pitching: RHP Ed Lake
Batting: RHB Marcos Quintana 0-0: Ball
1-0: Swinging Strike
1-1: Ball
2-1: SINGLE (Line Drive, 78S, EV 101.9 MPH)
Batting: RHB Gabriel Martínez 0-0: Called Strike
0-1: Swinging Strike
0-2: Ball
1-2: Fielders Choice at 2nd, 1-6 (Groundball, 34S, EV 86.9 MPH)
Batting: RHB Dick Barnett 0-0: Called Strike
Gabriel Martínez steals 2nd base
0-1: Ball
Gabriel Martínez steals 3rd base
1-1: Fly out, F9 (Flyball, 9LM, EV 101.2 MPH)
Runner from 3rd tags up, SCORES, no throw by RF
Batting: LHB Oriol Fernández 0-0: Ball
1-0: Swinging Strike
1-1: Foul Ball, location: 2F
1-2: Ball
2-2: Fly out, F8 (Line Drive, 8LD, EV 89.4 MPH)
Bottom of the 1st over - 1 run, 1 hit, 0 errors, 0 left on base; Nolensville 0 - Athletic Club KC 1
TOP OF THE 2ND
Nolensville Knights batting - Pitching for Athletic Club KC Reserves : RHP Kyuso Ageda
Batting: RHB Dale Goodman 0-0: SINGLE (Line Drive, 4D, EV 95.6 MPH)
Batting: RHB Nick McGhee 0-0: Ball
1-0: Ball
2-0: Ball
3-0: Base on Balls
Dale Goodman to second
Batting: RHB Ace Felder 0-0: Ball
1-0: SINGLE (Line Drive, 9S, EV 97.5 MPH)
Dale Goodman to third
Nick McGhee to second
Batting: RHB Juan Perales 0-0: Called Strike
0-1: Ball
1-1: Ball
2-1: Fly out, F2 (Popup, 23F, EV 78.8 MPH)
Batting: SHB Govaart Baars 0-0: Called Strike
0-1: Ball
1-1: DOUBLE (Line Drive, 7LS, EV 113.8 MPH)
Dale Goodman scores
Nick McGhee scores
Ace Felder to third
Batting: LHB Brian Harmon 0-0: SINGLE (Line Drive, 34D, EV 103.1 MPH)
Ace Felder scores
Govaart Baars to third
Batting: LHB Jorge Mateu 0-0: Fly out, F6 (Popup, 6D, EV 61.2 MPH)
Batting: LHB Russell Hamilton 0-0: Ball
1-0: Ball
2-0: Ball
3-0: Called Strike
3-1: Fly out, F8 (Flyball, 89D, EV 104.4 MPH)
Top of the 2nd over - 3 runs, 4 hits, 0 errors, 2 left on base; Nolensville 3 - Athletic Club KC 1
BOTTOM OF THE 2ND
Athletic Club KC Reserves batting - Pitching for Nolensville Knights : RHP Ed Lake
Batting: SHB Michael Evershed 0-0: Ball
1-0: Foul Ball, location: 2F
1-1: Ball
2-1: Ball
3-1: Foul Ball, location: 2F
3-2: Base on Balls
Batting: LHB Miguel Fernández 0-0: SINGLE (Groundball, 6D, EV 103.1 MPH)
Michael Evershed to second
Batting: SHB Gary Hopkins 0-0: Ball
1-0: Foul Ball, location: 2F
1-1: Ball
2-1: Foul Ball, location: 2F
2-2: Ball
3-2: Base on Balls
Michael Evershed to third
Miguel Fernández to second
Batting: LHB Thomas Nealy 0-0: Foul Ball, location: 2F
0-1: Ball
1-1: Swinging Strike
1-2: Strikes out swinging
Batting: LHB Ted Reed 0-0: Fly out, F8 (Flyball, 8LS, EV 83.1 MPH)
Batting: RHB Marcos Quintana 0-0: Ball
1-0: Ball
2-0: Called Strike
2-1: Ground out U3 (Groundball, 34, EV 83.8 MPH)
Bottom of the 2nd over - 0 runs, 1 hit, 0 errors, 3 left on base; Nolensville 3 - Athletic Club KC 1
TOP OF THE 3RD
Nolensville Knights batting - Pitching for Athletic Club KC Reserves : RHP Kyuso Ageda
Batting: RHB Omar Luoa 0-0: Called Strike
0-1: Ball
1-1: Fly out, F9 (Line Drive, 9, EV 98.8 MPH)
Batting: RHB Dale Goodman 0-0: Ball
1-0: Called Strike
1-1: Ball
2-1: Ground out 6-3 (Groundball, 6M, EV 105.0 MPH)
Batting: RHB Nick McGhee 0-0: Ball
1-0: Ball
2-0: Called Strike
2-1: Ground out 4-3 (Groundball, 4S, EV 89.4 MPH)
Top of the 3rd over - 0 runs, 0 hits, 0 errors, 0 left on base; Nolensville 3 - Athletic Club KC 1
BOTTOM OF THE 3RD
Athletic Club KC Reserves batting - Pitching for Nolensville Knights : RHP Ed Lake
Batting: RHB Gabriel Martínez 0-0: Ball
1-0: Swinging Strike
1-1: Swinging Strike
1-2: Strikes out swinging
Batting: RHB Dick Barnett 0-0: Called Strike
0-1: Called Strike
0-2: Ball
1-2: Foul Ball, location: 2F
1-2: Ground out 6-3 (Groundball, 6, EV 85.6 MPH)
Batting: LHB Oriol Fernández 0-0: Ball
1-0: Swinging Strike
1-1: Ground out 4-3 (Groundball, 4, EV 78.8 MPH)
Bottom of the 3rd over - 0 runs, 0 hits, 0 errors, 0 left on base; Nolensville 3 - Athletic Club KC 1
TOP OF THE 4TH
Nolensville Knights batting - Pitching for Athletic Club KC Reserves : RHP Kyuso Ageda
Batting: RHB Ace Felder 0-0: Swinging Strike
0-1: Foul Ball, location: 2F
0-2: Foul Ball, location: 2F
0-2: Ball
1-2: Foul Ball, location: 2F
1-2: Ball
2-2: Ball
3-2: Strikes out swinging
Batting: RHB Juan Perales 0-0: Ball
1-0: Ground out 6-3 (Groundball, 6, EV 85.6 MPH)
Batting: SHB Govaart Baars 0-0: Called Strike
0-1: Called Strike
0-2: Ground out 1-3 (Groundball, 34S, EV 91.9 MPH)
Top of the 4th over - 0 runs, 0 hits, 0 errors, 0 left on base; Nolensville 3 - Athletic Club KC 1
BOTTOM OF THE 4TH
Athletic Club KC Reserves batting - Pitching for Nolensville Knights : RHP Ed Lake
Batting: SHB Michael Evershed 0-0: Swinging Strike
0-1: Ground out 4-3 (Groundball, 34D, EV 90.6 MPH)
Batting: LHB Miguel Fernández 0-0: Swinging Strike
0-1: Foul Ball, location: 2F
0-2: Strikes out swinging, 2-3 out at first.
Batting: SHB Gary Hopkins 0-0: Foul Ball, location: 2F
0-1: Ball
1-1: Ball
2-1: Ball
3-1: Foul Ball, location: 2F
3-2: Base on Balls
Batting: LHB Thomas Nealy 0-0: Ball
1-0: Ball
2-0: Foul Ball, location: 2F
2-1: Foul Ball, location: 2F
2-2: Ball
3-2: Base on Balls
Gary Hopkins to second
Batting: LHB Ted Reed 0-0: Ball
1-0: Called Strike
1-1: Called Strike
1-2: Ball
2-2: Foul Ball, location: 2F
2-2: Fly out, F8 (Flyball, 78M, EV 90.0 MPH)
Bottom of the 4th over - 0 runs, 0 hits, 0 errors, 2 left on base; Nolensville 3 - Athletic Club KC 1
TOP OF THE 5TH
Nolensville Knights batting - Pitching for Athletic Club KC Reserves : RHP Kyuso Ageda
Batting: LHB Brian Harmon 0-0: SINGLE (Groundball, 6MD, EV 106.9 MPH)
Batting: LHB Jorge Mateu 0-0: Fly out, F7 (Line Drive, 7, EV 103.8 MPH)
Batting: LHB Russell Hamilton 0-0: Ball
1-0: Fly out, F8 (Flyball, 8LM, EV 86.2 MPH)
Batting: RHB Omar Luoa 0-0: Called Strike
Brian Harmon is caught stealing 2nd base 2-4
Top of the 5th over - 0 runs, 1 hit, 0 errors, 0 left on base; Nolensville 3 - Athletic Club KC 1
BOTTOM OF THE 5TH
Athletic Club KC Reserves batting - Pitching for Nolensville Knights : RHP Ed Lake
Batting: RHB Marcos Quintana 0-0: Foul Ball, location: 2F
0-1: Ball
1-1: Ball
2-1: Ball
3-1: Foul Ball, location: 2F
3-2: Foul Ball, location: 2F
3-2: Foul Ball, location: 2F
3-2: Base on Balls
Batting: RHB Gabriel Martínez 0-0: Called Strike
0-1: Foul Ball, location: 2F
0-2: Ball
1-2: Strikes out swinging
Batting: RHB Dick Barnett 0-0: Ball
1-0: Called Strike
1-1: Ball
2-1: Swinging Strike
2-2: Foul Ball, location: 2F
2-2: Ball
3-2: Foul Ball, location: 2F
3-2: Foul Ball, location: 2F
3-2: Strikes out swinging
Batting: LHB Oriol Fernández 0-0: Ball
1-0: Ball
2-0: DOUBLE (Line Drive, 89D, EV 111.2 MPH)
Marcos Quintana to third
Runner from 3rd tries for Home, SAFE, throw by CF to trailing runner, SAFE at third!
Batting: SHB Michael Evershed 0-0: Ball
1-0: Single, Error in OF, E9, batter to second base (Groundball, 34D, EV 109.4 MPH)
Oriol Fernández scores
Batting: LHB Miguel Fernández 0-0: Ball
1-0: Ball
2-0: Called Strike
2-1: Foul Ball, location: 2F
2-2: Strikes out swinging
Bottom of the 5th over - 2 runs, 2 hits, 1 error, 1 left on base; Nolensville 3 - Athletic Club KC 3
TOP OF THE 6TH
Nolensville Knights batting - Pitching for Athletic Club KC Reserves : RHP Kyuso Ageda
Batting: RHB Omar Luoa 0-0: Swinging Strike
0-1: Ball
1-1: Ground out 5-3 (Groundball, 56S, EV 80.6 MPH)
Batting: RHB Dale Goodman 0-0: Fly out, F7 (Line Drive, 7, EV 105.6 MPH)
Batting: RHB Nick McGhee 0-0: Ball
1-0: Fly out, F2 (Popup, 2RF, EV 84.4 MPH)
Top of the 6th over - 0 runs, 0 hits, 0 errors, 0 left on base; Nolensville 3 - Athletic Club KC 3
BOTTOM OF THE 6TH
Athletic Club KC Reserves batting - Pitching for Nolensville Knights : RHP Ed Lake
Pitching: LHP Alex Calhoun
Batting: SHB Gary Hopkins 0-0: Ball
1-0: Ball
2-0: Called Strike
2-1: SINGLE (Line Drive, 34, EV 103.8 MPH)
Batting: LHB Thomas Nealy 0-0: Ball
1-0: Grounds into double play, 6-4-3 (Groundball, 6M, EV 106.2 MPH)
Batting: LHB Ted Reed 0-0: Called Strike
0-1: Swinging Strike
0-2: Ball
1-2: Ball
2-2: Ball
3-2: SINGLE (Line Drive, 78S, EV 102.5 MPH)
Batting: RHB Marcos Quintana 0-0: Ball
1-0: Fielders Choice at 2nd, 6-4 (Groundball, 6, EV 83.1 MPH)
Bottom of the 6th over - 0 runs, 2 hits, 0 errors, 1 left on base; Nolensville 3 - Athletic Club KC 3
TOP OF THE 7TH
Nolensville Knights batting - Pitching for Athletic Club KC Reserves : RHP Kyuso Ageda
Batting: RHB Ace Felder 0-0: Ball
1-0: Ball
2-0: Fly out, F9 (Flyball, 9LD, EV 98.1 MPH)
Batting: RHB Juan Perales 0-0: Ball
1-0: Called Strike
1-1: Ground out 5-3 (Groundball, 56, EV 82.5 MPH)
Batting: SHB Govaart Baars 0-0: Called Strike
0-1: DOUBLE (Line Drive, 7LM, EV 95.6 MPH)
Batting: LHB Brian Harmon 0-0: Ball
1-0: SINGLE (Groundball, 34D, EV 100.0 MPH)
Govaart Baars to third
Runner from 3rd tries for Home, SAFE, no throw by RF
Batting: LHB Jorge Mateu 0-0: Fly out, F6 (Popup, 6MS, EV 75.6 MPH)
Top of the 7th over - 1 run, 2 hits, 0 errors, 1 left on base; Nolensville 4 - Athletic Club KC 3
BOTTOM OF THE 7TH
Athletic Club KC Reserves batting - Pitching for Nolensville Knights : LHP Alex Calhoun
Batting: RHB Gabriel Martínez 0-0: Ball
1-0: Ball
2-0: Foul Ball, location: 2F
2-1: Foul Ball, location: 2F
2-2: Strikes out swinging
Batting: RHB Dick Barnett 0-0: Ball
1-0: Called Strike
1-1: Called Strike
1-2: Ball
2-2: Ball
3-2: Foul Ball, location: 2F
3-2: Base on Balls
Batting: LHB Oriol Fernández 0-0: Ball
1-0: Called Strike
1-1: Foul Ball, location: 2F
1-2: Ball
2-2: Strikes out looking
Batting: SHB Michael Evershed 0-0: Called Strike
0-1: Ball
1-1: Ball
2-1: SINGLE (Groundball, 5D, EV 102.5 MPH)
Dick Barnett to second
Batting: LHB Miguel Fernández 0-0: Foul Ball, location: 2F
0-1: Ground out U3 (Groundball, 3S, EV 85.0 MPH)
Bottom of the 7th over - 0 runs, 1 hit, 0 errors, 2 left on base; Nolensville 4 - Athletic Club KC 3
TOP OF THE 8TH
Nolensville Knights batting - Pitching for Athletic Club KC Reserves : RHP Kyuso Ageda
Batting: LHB Russell Hamilton 0-0: Ball
1-0: DOUBLE (Line Drive, 78M, EV 99.4 MPH)
Batting: RHB Omar Luoa 0-0: Intentional Walk
Batting: RHB Dale Goodman 0-0: Fielders Choice at 2nd, 6-4 (Groundball, 6, EV 79.4 MPH)
Russell Hamilton to third
Batting: RHB Nick McGhee 0-0: Called Strike
0-1: Fly out, F9 (Flyball, 9S, EV 88.8 MPH)
Batting: RHB Ace Felder 0-0: Called Strike
0-1: Ball
1-1: Ball
2-1: Called Strike
2-2: Strikes out looking
Top of the 8th over - 0 runs, 1 hit, 0 errors, 2 left on base; Nolensville 4 - Athletic Club KC 3
BOTTOM OF THE 8TH
Athletic Club KC Reserves batting - Pitching for Nolensville Knights : LHP Alex Calhoun
Batting: SHB Gary Hopkins 0-0: Ground out 6-3 (Groundball, 6, EV 96.2 MPH)
Batting: LHB Thomas Nealy 0-0: Swinging Strike
0-1: Ball
1-1: Called Strike
1-2: Ball
2-2: Strikes out looking
Batting: LHB Ted Reed 0-0: Foul Ball, location: 2F
0-1: Swinging Strike
0-2: Ball
1-2: Foul Ball, location: 2F
1-2: Strikes out swinging, 2-3 out at first.
Bottom of the 8th over - 0 runs, 0 hits, 0 errors, 0 left on base; Nolensville 4 - Athletic Club KC 3
TOP OF THE 9TH
Nolensville Knights batting - Pitching for Athletic Club KC Reserves : RHP Kyuso Ageda
Pitching: RHP David Maxwell
Batting: RHB Juan Perales 0-0: Swinging Strike
0-1: Foul Ball, location: 2F
0-2: Strikes out swinging
Batting: SHB Govaart Baars 0-0: Called Strike
0-1: Ball
1-1: Swinging Strike
1-2: Ball
2-2: Strikes out looking
Batting: LHB Brian Harmon 0-0: Ball
1-0: Ball
2-0: Ball
3-0: Called Strike
3-1: SINGLE (Line Drive, 9S, EV 84.4 MPH)
Batting: LHB Jorge Mateu 0-0: Ball
Wild Pitch!
Brian Harmon to second
1-0: Ball
2-0: Swinging Strike
2-1: Foul Ball, location: 2F
2-2: SINGLE (Line Drive, 6D, EV 98.8 MPH)
Brian Harmon to third
Runner from 3rd tries for Home, SAFE, throw by LF to home
Batting: LHB Russell Hamilton 0-0: Ball
1-0: Foul Ball, location: 2F
1-1: Swinging Strike
1-2: Ball
2-2: Ground out 5-3 (Groundball, 56, EV 83.8 MPH)
Top of the 9th over - 1 run, 2 hits, 0 errors, 1 left on base; Nolensville 5 - Athletic Club KC 3
BOTTOM OF THE 9TH
Athletic Club KC Reserves batting - Pitching for Nolensville Knights : LHP Alex Calhoun
Pitching: RHP Napoleon Vitagliano
Batting: RHB Marcos Quintana 0-0: Called Strike
0-1: Swinging Strike
0-2: Ball
1-2: Ball
2-2: Fly out, F4 (Popup, 4, EV 64.4 MPH)
Batting: RHB Gabriel Martínez 0-0: Ball
1-0: SINGLE (Line Drive, 8RS, EV 110.6 MPH)
Pinch Hitting: RHB Terry Kurucz 0-0: Called Strike
0-1: Ball
1-1: Called Strike
1-2: Fielders Choice at 2nd, 6-4 (Groundball, 6M, EV 84.4 MPH)
Batting: LHB Oriol Fernández 0-0: Ball
1-0: Ball
2-0: Ball
3-0: Called Strike
3-1: Ground out 5-3 (Groundball, 5S, EV 86.9 MPH)
Bottom of the 9th over - 0 runs, 1 hit, 0 errors, 1 left on base; Nolensville 5 - Athletic Club KC 3
Friday, March 26th, 2021 - OOTP Baseball 20.8 Build 74